 Dungeon Crawl Stone Soup version 0.20.1-1-g8b1a95d (webtiles) character file.

226 tidbits the Skirmisher (level 5, -1/70 HPs)
             Began as a Demigod Wanderer on Aug 22, 2017.
             Slain by a human zombie (3 damage)
             ... in an ossuary.
             The game lasted 00:06:34 (665 turns).

tidbits the Skirmisher (Demigod Wanderer)            Turns: 665, Time: 00:06:35

Health: -1/70      AC: 22    Str: 18    XL:     5   Next: 41%
Magic:  7/7        EV:  2    Int: 19    God:
Gold:   129        SH:  0    Dex: 21    Spells: 4/4 levels left

rFire    . . .     SeeInvis .   r - +1 whip of Egryed {slash, rN+ Dex+6 Stlth-} (curse)
rCold    . . .     Gourm    .   (no shield)
rNeg     + + +     Faith    .   (armour currently unavailable)
rPois    +         Spirit   .   (helmet currently unavailable)
rElec    .         Reflect  .   (cloak currently unavailable)
rCorr    .         Harm     .   (gloves currently unavailable)
MR       .....     NoTele   +   (boots currently unavailable)
Stlth    +.........             (no amulet)
Regen    0.3/turn               (no ring)
MPRegen  0.1/turn               (no ring)

@: tree-form (expiring)
A: blurry vision 1, clever 1, high mp 1, strong 1
a: no special abilities


You were in an ossuary.
You were not hungry.
You were a tree.
You visited 1 branch of the dungeon, and saw 5 of its levels.
You also visited: Ossuary.

You collected 129 gold pieces.

Inventory:

Hand Weapons
 a - a +3 quarterstaff
 e - a +0 dagger
 r - the cursed +1 whip of Egryed (weapon) {slash, rN+ Dex+6 Stlth-}
   (You found it on level 4 of the Dungeon)

   It inflicts extra damage upon your enemies.
   It affects your dexterity (+6).
   It protects you from negative energy.
   It makes you less stealthy.
   It has a curse placed upon it.
Missiles
 g - 14 arrows
Armour
 d - a +1 robe (melded)
Scrolls
 b - 3 scrolls of teleportation
 m - a scroll of fear
Potions
 l - a potion of curing
 t - a potion of heal wounds
Books
 s - a book of Misfortune
   (You found it on level 4 of the Dungeon)

   Spells                             Type                      Level
   a - Confusing Touch                Hexes                        1
   b - Confuse                        Hexes                        3
   c - Gell's Gravitas                Translocation                3
   d - Petrify                        Transmutation/Earth          4
   e - Metabolic Englaciation         Hexes/Ice                    5
   f - Yara's Violent Unravelling     Hexes/Transmutation          5
Comestibles
 f - 2 bread rations
 h - 4 meat rations
 i - 2 fruits
 j - 2 royal jellies


   Skills:
 + Level 4.5 Fighting
 - Level 1.0 Staves
   Level 1.0 Bows
 - Level 1.7 Armour
 - Level 4.2 Dodging
 - Level 1.7 Stealth


You had 4 spell levels left.
You didn't know any spells.

Dungeon Overview and Level Annotations

Branches:
Dungeon (5/15)
 Temple: D:4-7


Innate Abilities, Weirdness & Mutations

You have an increased reservoir of magic. (+10% MP)
Scrolls take you a little longer to read.
Your mind is acute. (Int +2)
((Your flesh is heat resistant. (rF+)))
Your muscles are strong. (Str +2)


Message History

You can't unwield your weapon to draw a new one!
Unknown command.
You closely miss the elf zombie.
The elf zombie is lightly damaged.
The elf zombie hits you but does no damage.
You hit the elf zombie.
The elf zombie is moderately damaged.
The elf zombie completely misses you.
You barely miss the elf zombie.
The elf zombie is moderately damaged.
The elf zombie hits you but does no damage.
You closely miss the elf zombie.
The elf zombie is moderately damaged.
You hit the elf zombie.
The elf zombie is moderately damaged.
The elf zombie hits you.
* * * LOW HITPOINT WARNING * * *
You hit the elf zombie.
The elf zombie is moderately damaged.
The elf zombie hits you but does no damage.
A mummy comes into view.
You barely miss the elf zombie.
The elf zombie is moderately damaged.
The elf zombie hits you but does no damage.
You hit the elf zombie.
The elf zombie is heavily damaged.
The elf zombie hits you but does no damage.
A human zombie comes into view.
You hit the elf zombie.
The elf zombie is heavily damaged.
You barely miss the mummy.
A human zombie comes into view.
You hit the mummy.
The mummy is moderately damaged.
It was a potion of mutation.
You feel extremely strange.
You feel stronger.
You feel resistant to heat.
Your vision blurs.
You feel clever. The mummy hits you but does no damage.
You hit the mummy.
The mummy is heavily damaged.
The mummy hits you.
* * * LOW HITPOINT WARNING * * *
You hit the mummy.
The mummy is severely damaged.
You barely miss the mummy.
The mummy is severely damaged.
The mummy hits you.
* * * LOW HITPOINT WARNING * * *
You hit the mummy but do no damage.
The mummy is severely damaged.
The mummy hits you.
* * * LOW HITPOINT WARNING * * *
You barely miss the mummy.
The mummy is severely damaged.
A centaur zombie comes into view.
You hit the mummy.
You destroy the mummy!
The human zombie hits you but does no damage.
You whack the mummy!
The mummy is heavily damaged.
Your transformation is almost over.
The human zombie hits you but does no damage.
The mummy hits you!
* * * LOW HITPOINT WARNING * * *
The elf zombie hits you but does no damage.
You hit the mummy.
The mummy is heavily damaged.
The human zombie hits you but does no damage. x2
The elf zombie hits you but does no damage.
The mummy hits you but does no damage.
You hit the mummy.
The mummy is severely damaged.
The human zombie hits you but does no damage. x2
You hit the mummy.
The mummy is almost destroyed.
The elf zombie hits you but does no damage.
The human zombie hits you but does no damage.
The mummy hits you!
* * * LOW HITPOINT WARNING * * *
You closely miss the mummy.
The mummy is almost destroyed.
The human zombie completely misses you. The elf zombie hits you.
* * * LOW HITPOINT WARNING * * *
The human zombie hits you but does no damage.
You hit the mummy but do no damage.
The mummy is almost destroyed.
The human zombie hits you but does no damage.
The mummy completely misses you. The elf zombie barely misses you.
The human zombie hits you but does no damage.
You barely miss the mummy.
The mummy is almost destroyed.
The human zombie hits you but does no damage.
The elf zombie hits you but does no damage.
The mummy hits you but does no damage.
The human zombie hits you but does no damage.
You hit the mummy but do no damage.
The mummy is almost destroyed.
The human zombie hits you.
You die...

###.###
##.....##
#.......#
##...∩...##
+...∩∩∩...+
##...∩...##
#...Z...#
##.ZMZ.##
###♣### #Z#
#Z#


ZZ. ... ..... ..... #.....# You could see a mummy, 4 elf zombies, a centaur
zombie and 2 human zombies.

Vanquished Creatures
  An ogre (D:3)
  A scorpion (D:4)
  Jessica (D:2)
  A mummy (Ossuary)
  An adder (D:4)
  A worm (D:3)
  5 dart slugs
  4 leopard geckos
  4 orcs (D:4)
  2 giant cockroaches
  2 goblins
  2 hobgoblins
  2 kobolds (D:3)
  2 frilled lizards
  3 rats
32 creatures vanquished.

Vanquished Creatures (others)
  11 toadstools (D:2)
11 creatures vanquished.

Grand Total: 43 creatures vanquished

Notes
Turn   | Place    | Note
-------+----------+-------------------------------------------
     0 | D:1      | tidbits the Demigod Wanderer began the quest for the Orb.
     0 | D:1      | tidbits set off with: a +2 quarterstaff, a scroll of teleportation, a potion of curing, a +0 robe, a +0 dagger, a bread ration
     0 | D:1      | Reached XP level 1. HP: 19/19 MP: 3/3
    35 | D:1      | Reached skill level 1 in Dodging
    57 | D:1      | Reached XP level 2. HP: 20/26 MP: 4/4
    90 | D:1      | Reached skill level 2 in Dodging
   151 | D:3      | Found a sparkling altar of Nemelex Xobeh.
   173 | D:2      | Noticed Jessica
   178 | D:2      | Killed Jessica
   178 | D:2      | Reached XP level 3. HP: 25/31 MP: 5/5
   229 | D:3      | Reached skill level 3 in Dodging
   255 | D:3      | Found a blossoming altar of Fedhas.
   256 | D:3      | Found a transporter.
   256 | D:3      | Noticed an ogre
   270 | D:3      | Found a transporter.
   283 | D:3      | HP: 2/31 [ogre/giant club (15)]
   286 | D:3      | Killed an ogre
   286 | D:3      | Reached skill level 4 in Dodging
   286 | D:3      | Reached XP level 4. HP: 15/39 MP: 6/6
   479 | D:4      | Reached skill level 4 in Fighting
   479 | D:4      | Reached XP level 5. HP: 20/47 MP: 7/7
   495 | D:4      | Found a shadowy altar of Dithmenos.
   515 | D:4      | Got a translucent whip
   516 | D:4      | Identified the cursed +1 whip of Egryed {slash, rN+ Dex+6 Stlth-} (You found it on level 4 of the Dungeon)
   618 | D:5      | Entered Level 5 of the Dungeon
   618 | D:5      | Found a sand-covered staircase.
   624 | Ossuary  | Entered an ossuary
   651 | Ossuary  | Gained mutation: Your muscles are strong. (Str +2) [potion of mutation]
   651 | Ossuary  | Gained mutation: Your flesh is heat resistant. (rF+) [potion of mutation]
   651 | Ossuary  | Gained mutation: Scrolls take you a little longer to read. [potion of mutation]
   651 | Ossuary  | Gained mutation: Your mind is acute. (Int +2) [potion of mutation]
   661 | Ossuary  | HP: 4/70 [mummy (10)]
   662 | Ossuary  | HP: 1/70 [elf zombie (3)]
   665 | Ossuary  | Slain by a human zombie

Skill      XL: |  1  2  3  4 |
---------------+-------------+-----
Dodging        | 1 2 4 |  4.2
Fighting       | 4 |  4.5
Staves         | |  1.0
Bows           | |  1.0
Armour         | |  1.7
Stealth        | |  1.7

Action                   |  1- 3 |  4- 6 || total
-------------------------+-------+-------++-------
Melee: Quarterstaff      |    42 |    35 ||    77
       Whip              |       |    40 ||    40
  Use: Potion            |     2 |     2 ||     4
       Scroll            |       |     7 ||     7
 Stab: Sleeping          |     4 |     2 ||     6
Armor: Robe              |     4 |     1 ||     5
       Skin              |       |    27 ||    27
Dodge: Dodged            |    24 |    42 ||    66

Table legend:
 A = Turns spent in this place as a percentage of turns spent in the entire game.
 B = Non-inter-level travel turns spent in this place as a percentage of non-inter-level travel turns spent in the entire game.
 C = Inter-level travel turns spent in this place as a percentage of turns spent in this place.
 D = Turns resting spent in this place as a percentage of non-inter-level travel turns spent in this place.
 E = Turns spent auto-exploring this place as a percentage of non-inter-level travel turns spent in this place.
 F = Non-inter-level travel turns spent in this place divided by the number of levels of this place that you've seen.
                   A       B       C       D       E      F
               +-------+-------+-------+-------+-------+----------------------
         Total | 100.0 | 100.0 |   0.2 |   0.0 |   0.0 | 104.5
       Dungeon |  92.5 |  92.5 |   0.2 |   0.0 |   0.0 | 116.0
       Ossuary |   7.5 |   7.5 |   0.0 |   0.0 |   0.0 |  47.0
               +-------+-------+-------+-------+-------+----------------------

Table legend:
 A = Kills in this place as a percentage of kills in entire the game.
 B = Kills by you in this place as a percentage of kills by you in the entire game.
 C = Kills by friends in this place as a percentage of kills by friends in the entire game.
 D = Other kills in this place as a percentage of other kills in the entire game.
 E = Experience gained in this place as a percentage of experience gained in the entire game.
 F = Experience gained in this place divided by the number of levels of this place that you have seen.
                   A       B       C       D       E      F
               +-------+-------+-------+-------+-------+----------------------
         Total | 100.0 | 100.0 |  -nan |  -nan | 100.0 |  54.0
       Dungeon |  96.9 |  96.9 |  -nan |  -nan |  94.4 |  61.2
       Ossuary |   3.1 |   3.1 |  -nan |  -nan |   5.6 |  18.0
               +-------+-------+-------+-------+-------+----------------------

Vault maps used:
D:1:      nicolae_arrival_memento_mori
D:2:      tgw_fedhas, uniq_jessica
D:3:      gammafunk_temple_overflow_arena, nemelex_xobeh_ov_fountains_minmay
D:4:      marbit_many_paths, serial_shops,
          nicolae_shop_competitors_out_of_business, first_bread, uniq_pikel
D:5:      ashenzari_altar_1, lemuel_doored_altar,
          nicolae_ossuary_entry_monument, kennysheep_potato
Ossuary:  ossuary_minmay_four_chambers
